Map: Abyssal Reef LE

Players

SamuraiFunn - Winner!

  • Race: Protoss Protoss
  • League: Platinum
  • Spawn Location: 11:00

A.I. 1 (Very Hard)

  • Race: Zerg Zerg
  • Spawn Location: 5:00

VOD

Have the link to the VOD?

Description

Time

  • Played on: Nov. 29, 2017, 9:59 p.m.
  • Length: 15:31
Show
View Real Time Build Order
Export as new Build Order

SamuraiFunn Protoss - Winner!

Build Orders:  

Get SALT Encoding   

  12  0:00  Probe  
  13  0:13  Probe  
  14  0:20  Pylon  
  14  0:25  Probe  
  15  0:38  Probe  
  16  0:47  Gateway  
  16  0:50  Probe (Chrono Boost)  
  17  0:57  Assimilator  
  17  1:02  Probe (Chrono Boost), Pylon  
  18  1:04  Probe  
  19  1:16  Probe  
  20  1:26  Assimilator  
  20  1:28  Probe  
  21  1:37  Cybernetics Core  
  21  1:38  Zealot  
  23  1:40  Probe  
  24  1:52  Probe  
  25  2:05  Probe  
  25  2:07  Nexus  
  26  2:19  Probe  
  26  2:22  Warp Gate (Chrono Boost)  
  27  2:25  Adept (Chrono Boost)  
  29  2:31  Probe, Pylon  
  30  2:43  Probe  
  31  2:49  Adept  
  33  3:00  Probe  
  34  3:10  Pylon  
  34  3:12  Probe  
  35  3:20  Robotics Facility  
  35  3:24  Probe  
  36  3:40  Probe  
  36  3:41  Probe  
  38  3:54  Probe x2  
  37  4:34  Probe (Chrono Boost)  
  37  4:35  Probe (Chrono Boost)  
  41  4:46  Probe (Chrono Boost)  
  41  4:47  Probe (Chrono Boost)  
  45  4:55  Gateway x2, Observer  
  42  5:00  Gateway  
  42  5:03  Robotics Facility  
  42  5:12  Probe  
  42  5:13  Probe  
  44  5:16  Observer  
  44  5:19  Nexus, Assimilator  
  47  5:21  Assimilator  
  47  5:23  Pylon  
  47  5:25  Probe x2, Pylon  
  47  5:28  Pylon  
  47  5:31  Assimilator  
  47  5:37  Probe x2, Immortal  
  53  5:49  Probe x2  
  55  5:53  Immortal  
  59  6:01  Probe x2  
  61  6:13  Probe x2  
  63  6:25  Probe x2  
  65  6:31  Stalker x2  
  65  6:32  Stalker x2  
  73  6:36  Immortal x2  
  73  6:37  Probe x2  
  83  6:49  Probe  
  83  6:51  Pylon  
  83  6:53  Probe  
  85  6:56  Stalker x2  
  85  6:57  Stalker x2  
  93  7:01  Probe  
  93  7:03  Assimilator  
  93  7:05  Probe  
  95  7:15  Immortal x2  
  103  7:19  Probe x2, Robotics Facility  
  105  7:27  Stalker x2  
  109  7:35  Pylon  
  109  7:36  Pylon  
  109  7:38  Pylon  
  109  7:44  Gateway  
  109  7:45  Gateway  
  109  7:53  Probe x2  
  109  7:54  Immortal  
  115  8:04  Observer  
  115  8:05  Probe x2  
  118  8:26  Probe x2, Observer  
  121  8:34  Observer, Stalker x4  
  128  8:47  Observer  
  127  9:05  Stalker x4  
  115  9:35  Stalker x3  
  129  9:52  Immortal  
  129  9:53  Immortal x2  
  129  9:57  Gateway  
  133  10:00  Gateway  
  133  10:03  Gateway  
  133  10:13  Pylon  
  129  10:14  Pylon  
  129  10:18  Pylon  
  129  10:21  Pylon  
  119  10:25  Pylon  
  109  11:04  Stalker x2  
  109  11:05  Stalker x2  
  115  11:18  Stalker x2  
  117  11:27  Immortal x3  
  128  11:48  Nexus  
  128  11:52  Pylon  
  128  11:53  Pylon  
  127  11:56  Pylon  
  127  11:59  Assimilator  
  127  12:03  Assimilator  
  123  12:14  Pylon  
  119  12:16  Pylon  
  119  12:18  Pylon  
  117  12:36  Stalker x2  
  117  12:37  Stalker x5  
  123  12:38  Stalker x2  
  123  12:40  Nexus  
  123  12:42  Pylon  
  135  12:44  Pylon  
  135  12:46  Pylon  
  135  12:54  Stargate  
  135  12:55  Stargate  
  135  12:58  Stargate  
  135  13:03  Stargate  
  135  13:06  Stargate  
  135  13:10  Forge  
  135  13:12  Forge  
  135  13:14  Forge  
  135  13:33  Void Ray x3  
  135  13:38  Void Ray  
  135  13:39  Void Ray  
  155  14:16  Void Ray x3 (Chrono Boost)  
  167  14:21  Void Ray (Chrono Boost)  
  163  14:35  Void Ray (Chrono Boost)  
Show
View Real Time Build Order
Export as new Build Order

A.I. 1 (Very Hard) Zerg 

Build Orders: Pool First 

Get SALT Encoding   

  12  0:00  Drone  
  13  0:12  Overlord  
  13  0:17  Drone  
  14  0:31  Drone x2  
  16  0:42  Spawning Pool  
  15  0:45  Drone  
  15  0:48  Drone  
  17  1:14  Drone, Hatchery  
  17  1:18  Extractor  
  16  1:19  Extractor  
  16  1:22  Drone  
  16  1:26  Drone  
  16  1:30  Drone  
  18  1:38  Drone  
  19  1:49  Overlord  
  19  1:59  Queen  
  21  2:04  Zergling x2  
  22  2:11  Drone  
  23  2:25  Queen  
  25  2:32  Drone  
  26  2:38  Drone  
  26  2:43  Drone  
  28  2:47  Drone  
  29  2:55  Drone  
  29  3:05  Roach Warren  
  28  3:06  Drone  
  28  3:09  Drone  
  30  3:13  Zergling x2  
  30  3:16  Zergling x2  
  32  3:22  Overlord  
  32  3:25  Drone  
  33  3:28  Zergling x2  
  33  3:31  Drone  
  34  3:45  Roach  
  34  3:47  Roach  
  34  3:48  Roach  
  40  3:49  Roach  
  42  3:57  Lair  
  42  4:02  Overlord  
  42  4:07  Overlord  
  42  4:09  Zergling x2  
  43  4:20  Zergling x4, Drone x2  
  43  4:23  Drone  
  48  4:25  Drone  
  48  4:28  Drone  
  48  4:32  Drone  
  48  4:34  Drone  
  50  4:40  Overlord  
  50  4:44  Roach  
  52  4:47  Roach  
  52  4:50  Roach  
  56  4:55  Roach  
  56  4:58  Overlord  
  58  5:04  Hydralisk Den  
  57  5:09  Drone  
  57  5:11  Drone  
  57  5:13  Drone  
  60  5:15  Drone  
  60  5:17  Drone  
  60  5:19  Drone  
  63  5:21  Drone  
  63  5:23  Drone  
  63  5:26  Drone  
  66  5:29  Overlord  
  66  5:31  Drone  
  66  5:34  Hydralisk, Drone  
  70  5:36  Hydralisk  
  70  5:40  Hydralisk  
  74  5:47  Hydralisk  
  74  5:48  Drone  
  74  5:49  Overlord  
  77  5:51  Drone  
  77  5:52  Drone  
  77  5:55  Drone x2  
  81  6:00  Infestation Pit  
  81  6:03  Drone  
  81  6:07  Ravager, Overlord  
  81  6:09  Roach  
  81  6:10  Ravager  
  85  6:13  Roach  
  85  6:15  Hydralisk  
  89  6:24  Metabolic Boost  
  89  6:25  Hydralisk, Roach  
  93  6:27  Overlord  
  93  6:29  Hydralisk  
  95  6:33  Hydralisk  
  95  6:37  Infestor  
  95  6:38  Evolution Chamber  
  98  6:45  Overlord  
  98  6:51  Extractor  
  97  6:55  Infestor, Extractor  
  97  6:56  Drone  
  97  6:59  Drone, Evolution Chamber  
  99  7:05  Zerg Melee Weapons Level 1, Evolution Chamber  
  99  7:06  Drone  
  99  7:09  Overseer  
  99  7:12  Spine Crawler  
  99  7:13  Drone x2  
  99  7:14  Drone x2  
  102  7:17  Drone x2, Overlord  
  102  7:18  Drone  
  105  7:25  Infestor  
  107  7:33  Spine Crawler  
  107  7:34  Drone  
  107  7:39  Infestor  
  109  7:49  Zerg Missile Weapons Level 1  
  109  7:52  Drone, Hatchery  
  109  8:03  Zerg Ground Armor Level 1  
  109  8:05  Roach, Overlord  
  111  8:07  Roach  
  111  8:10  Roach, Spore Crawler  
  111  8:11  Drone, Spore Crawler  
  114  8:14  Hydralisk  
  114  8:19  Hydralisk  
  118  8:23  Overlord  
  118  8:36  Lurker Den  
  117  8:41  Spine Crawler  
  116  9:01  Zergling x8, Hive  
  116  9:02  Zergling x6, Overlord  
  120  9:03  Zergling x4  
  120  9:04  Zergling x2, Drone x3  
  120  9:05  Drone x3  
  114  9:11  Extractor  
  114  9:12  Drone  
  114  9:13  Drone  
  114  9:14  Drone  
  98  9:20  Extractor  
  98  9:21  Drone  
  98  9:22  Drone, Roach  
  98  9:23  Hydralisk  
  90  9:24  Drone  
  90  9:25  Drone  
  90  9:27  Drone x3  
  92  9:34  Hydralisk  
  92  9:35  Drone  
  92  9:36  Drone  
  96  9:39  Overseer  
  96  9:45  Drone  
  96  9:46  Drone x2  
  96  9:52  Hydralisk  
  98  9:53  Hydralisk, Drone  
  98  9:57  Zergling x2, Drone x2  
  98  9:58  Hydralisk  
  98  9:59  Infestor, Roach  
  112  10:08  Hydralisk, Roach x2  
  110  10:18  Zergling x2  
  110  10:19  Zergling x2  
  106  10:25  Hydralisk, Zergling x2, Drone  
  98  10:30  Hydralisk, Zergling x4, Roach  
  98  10:32  Ravager  
  98  10:35  Overseer  
  103  10:41  Roach x2  
  96  10:51  Hydralisk x2  
  96  10:56  Zergling x2  
  95  10:57  Roach  
  95  10:58  Zergling x2  
  95  11:02  Roach, Ravager  
  94  11:07  Roach  
  94  11:09  Zergling x2, Infestor, Roach  
  96  11:13  Overseer  
  70  11:33  Zergling x2  
  70  11:35  Hydralisk, Zergling x2  
  70  11:36  Roach x2  
  44  12:03  Zergling x2  
  34  12:15  Hatchery  
  29  12:35  Zergling x2  
  30  12:38  Hydralisk, Roach x2  
  35  13:09  Hydralisk x2, Roach x2  
  40  13:44  Overseer  
  39  13:57  Drone, Roach  
  40  14:06  Zergling x2, Drone  
  38  14:28  Hydralisk  
  38  14:29  Zergling x2, Roach  
  40  14:45  Drone x2  
  40  14:51  Overseer, Zergling x2  
Tags
 
League
Platinum
Matchup
PvZ
Opening
Pool First
Replay Pack
First 100 games
Spawn Locations
Cross Positions
Add a new tag
Caveats
  • Supply blocks, unpowered buildings, or Contaminate may cause inaccurate times.
  • Supply counts are checked every 10 seconds.